 Dungeon Crawl Stone Soup version 0.19.0-2-gae57169 (webtiles) character file.

165 equalderp2856 the Scratcher (level 5, -5/24 HPs)
             Began as a Felid Fighter on Nov 6, 2016.
             Slain by lorenzova's ghost (8 damage)
             ... on level 4 of the Dungeon.
             The game lasted 00:16:04 (4699 turns).

equalderp2856 the Scratcher (Felid Fighter)         Turns: 4699, Time: 00:16:05

Health: -5/24      AC:  1    Str: 13    XL:     5   Next: 21%
Magic:  6/6        EV: 20    Int: 10    God:
Gold:   159        SH:  0    Dex: 15    Spells: 0 memorised, 4 levels left
                                        Lives:  0   Deaths: 1

rFire  . . .     SeeInvis +       - Unarmed
rCold  . . .     Gourm    .     (armour unavailable)
rNeg   . . .     Faith    .     (shield unavailable)
rPois  .         Spirit   .     (helmet unavailable)
rElec  .         Reflect  .     (cloak unavailable)
rCorr  .         Harm     .     (gloves unavailable)
MR     .....                    (boots unavailable)
Stlth  ++........               (no amulet)
                                (no ring)
                                (no ring)

@: quick
A: no armour, no weapons or thrown items, stealth, claws 1, fangs 3, see
invisible, carnivore 3, speed 1, shaggy fur 1, slow metabolism 1, sharp paws
a: no special abilities


You were on level 4 of the Dungeon.
You were full.

You visited 1 branch of the dungeon, and saw 4 of its levels.

You collected 159 gold pieces.

Inventory:

Hand Weapons
 j - a +0 dagger
 p - a +0 hunting sling
 A - a +0 falchion
Missiles
 d - 117 stones
 f - 21 sling bullets
 D - 18 bolts
 F - 62 arrows
Armour
 h - a +0 pair of gloves
 m - a +0 naga barding
 x - +0 storm dragon scales
 B - a +0 helmet
 C - a +0 robe
Jewellery
 n - an uncursed ring of wizardry {unknown}
 u - an uncursed amulet of the gourmand {unknown}
Scrolls
 e - a scroll of recharging {unknown}
 i - 3 scrolls of enchant weapon {unknown}
 l - 2 scrolls of teleportation {unknown}
 r - a scroll of enchant armour {unknown}
 t - a scroll of blinking {unknown}
 v - 3 scrolls of identify {unknown}
 y - a scroll of remove curse {unknown}
Potions
 a - a potion of might
 c - a potion of degeneration {unknown}
 o - 2 potions of agility {unknown}
 q - a potion of cure mutation {unknown}
 s - 2 potions of flight {unknown}
 w - 2 potions of curing {unknown}
 z - 2 potions of brilliance {unknown}
Comestibles
 b - 3 meat rations
 g - 5 fruits
 k - 3 bread rations
 E - a slice of pizza


   Skills:
 + Level 3.1 Fighting
 + Level 5.5 Dodging
 + Level 1.7 Stealth
 + Level 6.0 Unarmed Combat


You had 4 spell levels left.
You didn't know any spells.

Dungeon Overview and Level Annotations

Branches:
Dungeon (4/15)
 Temple: D:4-7

Altars:
Ashenzari
Cheibriados
Elyvilon
Fedhas
Gozag
Nemelex Xobeh
Okawaru
Ru
Sif Muna
Xom

Annotations:
D:4 lorenzova's ghost, amateur DECj


Innate Abilities, Weirdness & Mutations

You cannot wear armour.
You are incapable of wielding weapons or throwing items.
Your paws allow you to move quietly. (Stealth)
You have sharp claws.
You have razor-sharp teeth.
You have supernaturally acute eyesight. (SInv)
You are carnivorous and can eat meat at any time.
You cover ground quickly.
You are covered in fur. (AC +1)
You have a slow metabolism.
Your sharp claws are effective at attacking unaware monsters.


Message History

Lorenzova's ghost hits you!
* * * LOW HITPOINT WARNING * * *
You closely miss lorenzova's ghost.
Lorenzova's ghost completely misses you.
You closely miss lorenzova's ghost. Your bite misses lorenzova's ghost.
Lorenzova's ghost hits you.
* * * LOW HITPOINT WARNING * * *
You scratch lorenzova's ghost.
Lorenzova's ghost is lightly damaged.
Lorenzova's ghost hits you but does no damage.
You claw lorenzova's ghost!
Lorenzova's ghost is heavily damaged.
Lorenzova's ghost barely misses you.
You miss lorenzova's ghost.
Lorenzova's ghost is heavily damaged.
Lorenzova's ghost misses you.
You closely miss lorenzova's ghost.
Lorenzova's ghost is heavily damaged.
Lorenzova's ghost hits you!
You die...

....#................#
....#................#
....'.W........<.....#
....#....##....##....#
....#....##....##....#
....#.....#..........#
....#....##..........#
....#....##..........#
#####...........@W...#
.........##....###..)#
.........##....###...#
...##....##..........#
########+##..........#
.. #..........# ..
+..........# ..
#.....##...# .$
#.....##...#


You could see lorenzova's ghost.

Vanquished Creatures
  Jessica (D:3)
  A worker ant (D:3)
  Ijyb (D:3)
  Robin (D:4)
  2 adders (D:3)
  An ooze (D:3)
  An adder zombie (D:3)
  3 worms
  A leopard gecko (D:3)
  An orc (D:3)
  2 giant cockroaches
  17 goblins
  13 hobgoblins
  12 jackals
  5 kobolds
  A quokka (D:2)
  2 ball pythons
  12 bats
  6 frilled lizards
  5 rats
88 creatures vanquished.

Notes
Turn   | Place    | Note
-------+----------+-------------------------------------------
     0 | D:1      | equalderp2856 the Felid Fighter began the quest for the Orb.
     0 | D:1      | Reached XP level 1. HP: 10/10 MP: 2/2
   538 | D:1      | Reached XP level 2. HP: 7/14 MP: 3/3
   877 | D:1      | Found a shattered altar of Ashenzari.
  1508 | D:1      | Reached XP level 3. HP: 17/17 MP: 4/4
  1611 | D:2      | Found a blossoming altar of Fedhas.
  1614 | D:2      | Found a sparkling altar of Nemelex Xobeh.
  1617 | D:2      | Found an opulent altar of Gozag.
  1617 | D:2      | Found a white marble altar of Elyvilon.
  1618 | D:2      | Found a snail-covered altar of Cheibriados.
  1618 | D:2      | Found a deep blue altar of Sif Muna.
  1619 | D:2      | Found a shimmering altar of Xom.
  2154 | D:2      | Reached skill level 5 in Unarmed Combat
  2413 | D:2      | Found an iron altar of Okawaru.
  2624 | D:2      | Found a sacrificial altar of Ru.
  2759 | D:3      | Noticed Jessica
  2772 | D:3      | Reached XP level 4. HP: 14/21 MP: 5/5
  2811 | D:3      | Reached skill level 1 in Stealth
  2860 | D:3      | HP: 1/21 [Jessica/nerve-wracking pain (7)]
  2885 | D:3      | Killed from afar by Jessica
  2886 | D:3      | Reached XP level 3. HP: -2/17 MP: 4/4
  2947 | D:3      | Killed Jessica
  3273 | D:3      | Reached skill level 5 in Dodging
  3317 | D:3      | Reached XP level 4. HP: 21/21 MP: 5/5
  3366 | D:3      | Noticed Ijyb
  3367 | D:3      | Noticed Robin
  3512 | D:4      | Killed Robin
  4353 | D:3      | Killed Ijyb
  4353 | D:3      | Reached XP level 5. HP: 24/24 MP: 6/6
  4457 | D:4      | Reached skill level 6 in Unarmed Combat
  4590 | D:4      | Noticed lorenzova's ghost (amateur DECj)
  4699 | D:4      | Slain by lorenzova's ghost

Skill      XL: |  1  2  3  4  5 |
---------------+----------------+-----
Unarmed Combat | 5 6 |  6.0
Stealth        | 1 |  1.7
Dodging        | 5 |  5.5
Fighting       | |  3.1

Action                   |  1- 3 |  4- 6 || total
-------------------------+-------+-------++-------
Melee: Unarmed           |   143 |    95 ||   238
       Bite              |    11 |     4 ||    15
       Punch             |     1 |     2 ||     3
 Stab: Sleeping          |     1 |     2 ||     3
  Eat: Chunk             |    10 |     3 ||    13
Armor: Skin              |    10 |     6 ||    16
Dodge: Dodged            |   149 |    67 ||   216
